Description

This is one of the most standard TvP openers that Terran can employ against Protoss. This build stays safe against most Protoss aggression and sets Terran up for a solid mid game economy, tech, and army while allowing Terran to harass and scout the Protoss with Medivac drops and Liberator.

Replay - Polt v PtitDrogo: Game 1 - New Gettysburg LE

Build Order

Get SALT Encoding   

  14  0:17  Supply Depot  
  15  0:41  Barracks  
  16  0:46  Refinery  
  19  1:28  Orbital Command  
  19  1:29  Reaper  
  20  1:41  Command Center  
  20  1:52  Supply Depot  
  21  2:01  Barracks Reactor  
  22  2:10  Barracks  
  23  2:28  Factory  
  23  2:31  Refinery  
  24  2:38  Marine x2   Constant production
  27  2:53  Orbital Command  
  30  3:12  Barracks Tech Lab, Starport   Produce Marines once completed
  31  3:13  Widow Mine  
  37  3:30  Stimpack   @100% Barracks Tech Lab
  39  3:35  Supply Depot   Build as necessary
  44  3:49  Medivac  
  46  3:57  Factory Reactor  
  48  4:11  Engineering Bay  
  53  4:30  Barracks  
  55  4:31  Liberator  
  58  4:46  Medivac  
Spawning Tool Build Advisor. Get it on Overwolf

Analysis

A bunker at the natural should be constructed when possible to deny general aggression from Protoss. Use the Medivac to harass and scout the Protoss. Be sure to converge into 3-1-1 (Barracks-Factory-Starport) before getting the third CC. Also, the Factory should be used to construct add-ons for Barracks to converge into 5-1-1 on 3 bases more smoothly rather than producing Widow Mines. The Liberator follow-up is a matter of personal preference, but it supports the Medivac pressure reasonably well. Use both to scout and harass Protoss. Transition into mid game MMML as soon as possible with Stim, Combat Shield, and upgrade advantages.

Go to:

Details

  • Created by: legend
  • Published on: Oct 27, 2016
  • Modified on: Nov 03, 2016
  • Patch: Pre-3.8.0
Show
View Real Time Build Order
Export as new Build Order

Comments (0)

There are no comments. Be the first!

Create an account to comment!